TOP OF THE 1ST |
Birmingham Steeldogs batting - Pitching for Los Cabos Cartel : LHP Francisco Pérez
|
Pitching: LHP Francisco Pérez
|
|
Batting: RHB Nick Webb
|
0-0: Ball 1-0: Ball 2-0: Called Strike 2-1: Fly out, F9 (Flyball, 89D)
|
Batting: RHB Lorenzo Martínez
|
0-0: Ball 1-0: Swinging Strike 1-1: Foul Ball, location: 2F 1-2: Strikes out swinging
|
Batting: RHB Raúl Soto
|
0-0: Swinging Strike 0-1: Called Strike 0-2: Ball 1-2: Strikes out swinging
|
Top of the 1st over - 0 run(s), 0 hit(s), 0 error(s), 0 left on base; Birmingham 0 - Los Cabos 0 |
BOTTOM OF THE 1ST |
Los Cabos Cartel batting - Pitching for Birmingham Steeldogs : RHP Barton Johnson
|
Pitching: RHP Barton Johnson
|
|
Batting: LHB Willie Wallace
|
0-0: Called Strike 0-1: Foul Ball, location: 2F 0-2: Ball 1-2: Strikes out swinging
|
Batting: RHB John Pick
|
0-0: Ball 1-0: Foul Ball, location: 2F 1-1: Swinging Strike 1-2: Ball 2-2: Ball 3-2: Foul Ball, location: 2F 3-2: Fly out, F8 (Flyball, 8LXD)
|
Batting: LHB Luis González
|
0-0: Foul Ball, location: 2F 0-1: Foul Ball, location: 2F 0-2: Foul Ball, location: 2F 0-2: Ball 1-2: Fly out, F6 (Popup, 5D)
|
Bottom of the 1st over - 0 run(s), 0 hit(s), 0 error(s), 0 left on base; Birmingham 0 - Los Cabos 0 |
TOP OF THE 2ND |
Birmingham Steeldogs batting - Pitching for Los Cabos Cartel : LHP Francisco Pérez
|
Batting: RHB Valentín Borges
|
0-0: Foul Ball, location: 2F 0-1: Ball 1-1: SINGLE (Flyball, 7LS)
|
Batting: LHB Chris Miller
|
0-0: Ball 1-0: SINGLE (Line Drive, 34D) Valentín Borges to second
|
Batting: LHB Mitchell Oglethorpe
|
0-0: Ball 1-0: Called Strike 1-1: Foul Ball, location: 2F 1-2: SINGLE (Popup, 8LS) Valentín Borges to third Chris Miller to second
|
Batting: LHB Ben Kelley
|
0-0: Foul Ball, location: 2F 0-1: Ball 1-1: Called Strike 1-2: Grounds into double play, 6-4-3 (Groundball, 6M) Valentín Borges scores Chris Miller to third
|
Batting: LHB José Martínez
|
0-0: Foul Ball, location: 2F 0-1: Ball 1-1: Foul Ball, location: 2F 1-2: Ball 2-2: Foul Ball, location: 2F 2-2: Ground out 1-3 (Groundball, 15)
|
Top of the 2nd over - 1 run(s), 3 hit(s), 0 error(s), 1 left on base; Birmingham 1 - Los Cabos 0 |
BOTTOM OF THE 2ND |
Los Cabos Cartel batting - Pitching for Birmingham Steeldogs : RHP Barton Johnson
|
Batting: RHB Wilbert Rodgers
|
0-0: Ground out 5-3 (Groundball, 5)
|
Batting: RHB Stephen Wilson
|
0-0: Foul Ball, location: 2F 0-1: Ball 1-1: Ball 2-1: Foul Ball, location: 2F 2-2: Foul Ball, location: 2F 2-2: Foul Ball, location: 2F 2-2: Ball 3-2: Foul Ball, location: 2F 3-2: Fly out, F4 (Line Drive, 4)
|
Batting: RHB Víctor Solano
|
0-0: Called Strike 0-1: Ball 1-1: Ball 2-1: Ball 3-1: Base on Balls
|
Batting: RHB Jesús Hernández
|
0-0: 2-RUN HOME RUN (Line Drive, 7LD), Distance : 364 ft
|
Batting: RHB António Magana
|
0-0: Foul Ball, location: 2F 0-1: Called Strike 0-2: SINGLE (Line Drive, 4D)
|
Batting: RHB Ángel Garza
|
0-0: Ball 1-0: Ball 2-0: Foul Ball, location: 2F 2-1: Foul Ball, location: 2F 2-2: Strikes out swinging
|
Bottom of the 2nd over - 2 run(s), 2 hit(s), 0 error(s), 1 left on base; Birmingham 1 - Los Cabos 2 |
TOP OF THE 3RD |
Birmingham Steeldogs batting - Pitching for Los Cabos Cartel : LHP Francisco Pérez
|
Batting: RHB Paço Ttes
|
0-0: Called Strike 0-1: Ball 1-1: SINGLE (Groundball, 56)
|
Batting: RHB Nick Webb
|
0-0: Fielders Choice at 2nd, 5-4 (Groundball, 5)
|
Batting: RHB Lorenzo Martínez
|
0-0: Called Strike 0-1: Ball 1-1: Ball 2-1: Ball 3-1: Base on Balls Nick Webb to second
|
Batting: RHB Raúl Soto
|
0-0: Ball 1-0: Ball 2-0: Fielders Choice at 2nd, 1-6 (Groundball, 23) Nick Webb to third
|
Batting: RHB Valentín Borges
|
0-0: Swinging Strike 0-1: Ball 1-1: Ball 2-1: Called Strike 2-2: Ball 3-2: Ground out 5-3 (Groundball, 56)
|
Top of the 3rd over - 0 run(s), 1 hit(s), 0 error(s), 2 left on base; Birmingham 1 - Los Cabos 2 |
BOTTOM OF THE 3RD |
Los Cabos Cartel batting - Pitching for Birmingham Steeldogs : RHP Barton Johnson
|
Batting: LHB Willie Wallace
|
0-0: Ball 1-0: Ball 2-0: Called Strike 2-1: Called Strike 2-2: Strikes out swinging
|
Batting: RHB John Pick
|
0-0: Ball 1-0: Called Strike 1-1: Called Strike 1-2: Foul Ball, location: 2F 1-2: Strikes out swinging
|
Batting: LHB Luis González
|
0-0: Fly out, F7 (Line Drive, 7LM)
|
Bottom of the 3rd over - 0 run(s), 0 hit(s), 0 error(s), 0 left on base; Birmingham 1 - Los Cabos 2 |
TOP OF THE 4TH |
Birmingham Steeldogs batting - Pitching for Los Cabos Cartel : LHP Francisco Pérez
|
Batting: LHB Chris Miller
|
0-0: Called Strike 0-1: Called Strike 0-2: Ball 1-2: Foul Ball, location: 2F 1-2: Ground out 6-3 (Groundball, 6M)
|
Batting: LHB Mitchell Oglethorpe
|
0-0: Called Strike 0-1: Ball 1-1: Ball 2-1: Foul Ball, location: 2F 2-2: Strikes out looking
|
Batting: LHB Ben Kelley
|
0-0: Ground out 2-3 (Groundball, 2L)
|
Top of the 4th over - 0 run(s), 0 hit(s), 0 error(s), 0 left on base; Birmingham 1 - Los Cabos 2 |
BOTTOM OF THE 4TH |
Los Cabos Cartel batting - Pitching for Birmingham Steeldogs : RHP Barton Johnson
|
Batting: RHB Wilbert Rodgers
|
0-0: Ball 1-0: Ball 2-0: Ground out 5-3 (Groundball, 5S)
|
Batting: RHB Stephen Wilson
|
0-0: Ball 1-0: Swinging Strike 1-1: Foul Ball, location: 2F 1-2: SINGLE (Groundball, 56D)
|
Batting: RHB Víctor Solano
|
0-0: Ball 1-0: Ball 2-0: Called Strike 2-1: Ball 3-1: Called Strike 3-2: Base on Balls Stephen Wilson to second
|
Batting: RHB Jesús Hernández
|
0-0: Called Strike 0-1: Ball 1-1: SINGLE (Groundball, 34D) Stephen Wilson to third Víctor Solano to second Runner from 3rd tries for Home, SAFE, no throw or cutoff
|
Batting: RHB António Magana
|
0-0: Called Strike 0-1: Fly out, F7 (Flyball, 78D)
|
Batting: RHB Ángel Garza
|
0-0: Called Strike 0-1: Ball 1-1: Ball 2-1: Called Strike 2-2: Fly out, F2 (Popup, 2RF)
|
Bottom of the 4th over - 1 run(s), 2 hit(s), 0 error(s), 2 left on base; Birmingham 1 - Los Cabos 3 |
TOP OF THE 5TH |
Birmingham Steeldogs batting - Pitching for Los Cabos Cartel : LHP Francisco Pérez
|
Batting: LHB José Martínez
|
0-0: Called Strike 0-1: Ball 1-1: SINGLE (Groundball, 4MD) (infield hit)
|
Batting: RHB Paço Ttes
|
0-0: Foul Ball, location: 2F 0-1: Swinging Strike 0-2: Strikes out swinging
|
Batting: RHB Nick Webb
|
0-0: Called Strike 0-1: Reached on error, E5 (Groundball, 56S) José Martínez to second
|
Batting: RHB Lorenzo Martínez
|
0-0: Ball 1-0: Called Strike 1-1: Ball 2-1: Ball 3-1: SINGLE (Line Drive, 6MD) José Martínez to third Nick Webb to second
|
Batting: RHB Raúl Soto
|
0-0: Ball 1-0: Swinging Strike 1-1: Ball 2-1: GRAND SLAM HOME RUN (Flyball, 7LD), Distance : 344 ft
|
Batting: RHB Valentín Borges
|
0-0: Ground out 1-3 (Groundball, 15S)
|
Batting: LHB Chris Miller
|
0-0: Called Strike 0-1: SINGLE (Groundball, 34D)
|
Batting: LHB Mitchell Oglethorpe
|
0-0: Ball 1-0: Ball 2-0: Called Strike 2-1: Foul Ball, location: 2F 2-2: Ball 3-2: Strikes out looking
|
Top of the 5th over - 4 run(s), 4 hit(s), 1 error(s), 1 left on base; Birmingham 5 - Los Cabos 3 |
BOTTOM OF THE 5TH |
Los Cabos Cartel batting - Pitching for Birmingham Steeldogs : RHP Barton Johnson
|
Batting: LHB Willie Wallace
|
0-0: Called Strike 0-1: Called Strike 0-2: Foul Ball, location: 2F 0-2: Ball 1-2: Ball 2-2: Fly out, F8 (Flyball, 8RXD)
|
Batting: RHB John Pick
|
0-0: Called Strike 0-1: Fly out, F9 (Flyball, 89M)
|
Batting: LHB Luis González
|
0-0: Ball 1-0: DOUBLE (Line Drive, 3D)
|
Batting: RHB Wilbert Rodgers
|
0-0: 2-RUN HOME RUN (Flyball, 78XD), Distance : 415 ft
|
Batting: RHB Stephen Wilson
|
0-0: Ball 1-0: Foul Ball, location: 2F 1-1: Foul Ball, location: 2F 1-2: Fly out, F9 (Flyball, 9D)
|
Bottom of the 5th over - 2 run(s), 2 hit(s), 0 error(s), 0 left on base; Birmingham 5 - Los Cabos 5 |
TOP OF THE 6TH |
Birmingham Steeldogs batting - Pitching for Los Cabos Cartel : LHP Francisco Pérez
|
Batting: LHB Ben Kelley
|
0-0: Called Strike 0-1: Foul Ball, location: 2F 0-2: Ball 1-2: Strikes out looking
|
Batting: LHB José Martínez
|
0-0: Swinging Strike 0-1: Ball 1-1: Called Strike 1-2: Strikes out swinging
|
Batting: RHB Paço Ttes
|
0-0: Swinging Strike 0-1: Ball 1-1: Ball 2-1: Foul Ball, location: 2F 2-2: SINGLE (Groundball, 6MD)
|
Pitching: RHP Pedro Magana
|
|
Batting: RHB Nick Webb
|
0-0: Ball 1-0: Ground out U3 (Groundball, 3S)
|
Top of the 6th over - 0 run(s), 1 hit(s), 0 error(s), 1 left on base; Birmingham 5 - Los Cabos 5 |
BOTTOM OF THE 6TH |
Los Cabos Cartel batting - Pitching for Birmingham Steeldogs : RHP Barton Johnson
|
Batting: RHB Víctor Solano
|
0-0: Ball 1-0: Ball 2-0: Ball 3-0: Base on Balls
|
Batting: RHB Jesús Hernández
|
0-0: Called Strike 0-1: Ball 1-1: Ball 2-1: Called Strike 2-2: Grounds into double play, 4-6-3 (Groundball, 4)
|
Batting: RHB António Magana
|
0-0: Ball 1-0: Ball 2-0: Called Strike 2-1: Called Strike 2-2: Foul Ball, location: 2F 2-2: Ball 3-2: Strikes out swinging
|
Bottom of the 6th over - 0 run(s), 0 hit(s), 0 error(s), 0 left on base; Birmingham 5 - Los Cabos 5 |
TOP OF THE 7TH |
Birmingham Steeldogs batting - Pitching for Los Cabos Cartel : RHP Pedro Magana
|
Batting: RHB Lorenzo Martínez
|
0-0: DOUBLE (Line Drive, 5D)
|
Batting: RHB Raúl Soto
|
0-0: Ball 1-0: Ball 2-0: 2-RUN HOME RUN (Flyball, 7D), Distance : 383 ft
|
Batting: RHB Valentín Borges
|
0-0: Ball 1-0: Ball 2-0: Ball 3-0: Called Strike 3-1: Base on Balls
|
Batting: LHB Chris Miller
|
0-0: Called Strike 0-1: Foul Ball, location: 2F 0-2: Ball 1-2: Ball 2-2: Fly out, F9 (Flyball, 9S)
|
Batting: LHB Mitchell Oglethorpe
|
0-0: Fly out, F5 (Line Drive, 5S)
|
Batting: LHB Ben Kelley
|
0-0: Foul Ball, location: 2F 0-1: Called Strike 0-2: Foul Ball, location: 2F 0-2: Ball 1-2: Ball 2-2: Foul Ball, location: 2F 2-2: Strikes out swinging
|
Top of the 7th over - 2 run(s), 2 hit(s), 0 error(s), 1 left on base; Birmingham 7 - Los Cabos 5 |
BOTTOM OF THE 7TH |
Los Cabos Cartel batting - Pitching for Birmingham Steeldogs : RHP Barton Johnson
|
Pitching: RHP Pat Lee
|
|
Batting: RHB Ángel Garza
|
0-0: Called Strike 0-1: Swinging Strike 0-2: Strikes out swinging
|
Batting: LHB Willie Wallace
|
0-0: Swinging Strike 0-1: Ball 1-1: Called Strike 1-2: Foul Ball, location: 2F 1-2: Strikes out swinging
|
Batting: RHB John Pick
|
0-0: Swinging Strike 0-1: Ball 1-1: Called Strike 1-2: Strikes out looking
|
Bottom of the 7th over - 0 run(s), 0 hit(s), 0 error(s), 0 left on base; Birmingham 7 - Los Cabos 5 |
TOP OF THE 8TH |
Birmingham Steeldogs batting - Pitching for Los Cabos Cartel : RHP Pedro Magana
|
Batting: LHB José Martínez
|
0-0: Called Strike 0-1: SOLO HOME RUN (Flyball, 78XD), Distance : 427 ft
|
Pitching: LHP António Martínez
|
|
Batting: RHB Paço Ttes
|
0-0: Called Strike 0-1: Called Strike 0-2: Fly out, F8 (Flyball, 8RS)
|
Batting: RHB Nick Webb
|
0-0: Ground out 4-3 (Groundball, 4)
|
Batting: RHB Lorenzo Martínez
|
0-0: DOUBLE (Line Drive, 7D)
|
Batting: RHB Raúl Soto
|
0-0: Ball 1-0: SINGLE (Groundball, 15) (infield hit) Lorenzo Martínez to third
|
Batting: RHB Valentín Borges
|
0-0: Ball 1-0: Ground out 1-3 (Groundball, 15)
|
Top of the 8th over - 1 run(s), 3 hit(s), 0 error(s), 2 left on base; Birmingham 8 - Los Cabos 5 |
BOTTOM OF THE 8TH |
Los Cabos Cartel batting - Pitching for Birmingham Steeldogs : RHP Pat Lee
|
Batting: LHB Luis González
|
0-0: Called Strike 0-1: Foul Ball, location: 2F 0-2: Fly out, F8 (Flyball, 8LD)
|
Batting: RHB Wilbert Rodgers
|
0-0: Ball 1-0: Called Strike 1-1: Foul Ball, location: 2F 1-2: Ball 2-2: Ball 3-2: DOUBLE (Flyball, 8RXD)
|
Pitching: RHP César López
|
|
Batting: RHB Stephen Wilson
|
0-0: Swinging Strike 0-1: Foul Ball, location: 2F 0-2: Ball 1-2: Ball 2-2: Foul Ball, location: 2F 2-2: Ground out 6-3 (Groundball, 6)
|
Batting: RHB Víctor Solano
|
0-0: Called Strike 0-1: Fly out, F4 (Popup, 3D)
|
Bottom of the 8th over - 0 run(s), 1 hit(s), 0 error(s), 1 left on base; Birmingham 8 - Los Cabos 5 |
TOP OF THE 9TH |
Birmingham Steeldogs batting - Pitching for Los Cabos Cartel : LHP António Martínez
|
Batting: LHB Chris Miller
|
0-0: Swinging Strike 0-1: Ball 1-1: Swinging Strike 1-2: Ball 2-2: Foul Ball, location: 2F 2-2: Ball 3-2: Foul Ball, location: 2F 3-2: Strikes out looking
|
Batting: LHB Mitchell Oglethorpe
|
0-0: Ball 1-0: Called Strike 1-1: Ball 2-1: Ball 3-1: Ground out 1-3 (Groundball, 13S)
|
Batting: LHB Ben Kelley
|
0-0: Called Strike 0-1: Ball 1-1: Swinging Strike 1-2: Ball 2-2: Strikes out swinging
|
Top of the 9th over - 0 run(s), 0 hit(s), 0 error(s), 0 left on base; Birmingham 8 - Los Cabos 5 |
BOTTOM OF THE 9TH |
Los Cabos Cartel batting - Pitching for Birmingham Steeldogs : RHP César López
|
Pitching: RHP David Simpson
|
|
Now at 1B: Jean-Paul St-Pierre
|
|
Now in CF: Eric Johnson
|
|
Batting: RHB Jesús Hernández
|
0-0: Swinging Strike 0-1: Ball 1-1: Foul Ball, location: 2F 1-2: Ball 2-2: Ground out 4-3 (Groundball, 4)
|
Batting: RHB António Magana
|
0-0: Swinging Strike 0-1: Foul Ball, location: 2F 0-2: Ball 1-2: SOLO HOME RUN (Flyball, 7D), Distance : 395 ft
|
Batting: RHB Ángel Garza
|
0-0: Ball 1-0: Foul Ball, location: 2F 1-1: Ball 2-1: Swinging Strike 2-2: Strikes out swinging
|
Batting: LHB Willie Wallace
|
0-0: Ball 1-0: Ball 2-0: Foul Ball, location: 2F 2-1: Called Strike 2-2: Ground out 4-3 (Groundball, 34)
|
Bottom of the 9th over - 1 run(s), 1 hit(s), 0 error(s), 0 left on base; Birmingham 8 - Los Cabos 6 |
|